Construct Section Command Post
Selects Heavy Armor Battlegroup
Construct Field Infirmary
Construct Platoon Command Post
Selects Rigorous Vehicle Training
6-pounder Anti-tank Gun Team
Selects Forward Repair Assembly
Selects UNKNOWN (2162094)
Construct Company Command Post
Selects Light Vehicle Withdraw and Refit
Unlock Towed 17-pounder Anti-tank Guns
17-pounder Anti-tank Gun Team
17-pounder Anti-tank Gun Team
Unlock M3 Grant Medium Tanks